 Dungeon Sprint DCSS version 0.22-a0-185-ge330310 (webtiles) character file.

179 Ghella the Covert (level 5, 0/36 HPs)
             Began as a Spriggan Enchanter on Feb 15, 2018.
             Was an Initiate of Dithmenos.
             Succumbed to a killer bee's poison
             ... in the Dungeon (Sprint IV: "Fedhas' Mad Dash").
             The game lasted 00:01:31 (126 turns).

Ghella the Covert (Spriggan Enchanter)               Turns: 126, Time: 00:01:31

Health: 0/36       AC:  2    Str:  9    XL:     5   Next: 33%
Magic:  13/13      EV: 20    Int: 17    God:    Dithmenos [......]
Gold:   76         SH:  0    Dex: 17    Spells: 12/13 levels left

rFire    . . .     SeeInvis +   a - +1 dagger
rCold    . . .     Gourm    .   (shield restricted)
rNeg     + . .     Faith    .   b - +0 robe
rPois    .         Spirit   .   (helmet restricted)
rElec    .         Reflect  .   (no cloak)
rCorr    .         Harm     .   (gloves unavailable)
MR       .....     NoTele   +   (boots unavailable)
Stlth    ..........             k - amulet of invisibility {+Inv}
HPRegen  0.12/turn              l - ring of positive energy
MPRegen  0.13/turn              (no ring)

@: berserking (expiring), lethally poisoned (0 -> -7), contaminated, glowing,
very quick
A: very small, unfitting armour, see invisible, herbivore, speed 3, slow
metabolism 2
a: Renounce Religion, Evoke Invisibility


You were in the Dungeon.
You worshipped Dithmenos.
Dithmenos was noncommittal.
You were not hungry.

You visited 1 branch You collected 76 gold pieces.

Inventory:

Hand Weapons
 a - a +1 dagger (weapon)
Armour
 b - a +0 robe (worn)
Jewellery
 k - the amulet of invisibility (around neck) {+Inv}
   (You found it in the Dungeon)

   [amulet of nothing]

   It lets you turn invisible.
 l - a ring of positive energy (left hand)
Scrolls
 j - a scroll of blinking
Potions
 e - a potion of curing
 f - a potion of heal wounds
 g - a potion of haste
 h - 2 potions of magic
Books
 c - a book of Maledictions

   Spells                             Type                      Level
   a - Corona                         Hexes                        1
   b - Ensorcelled Hibernation        Hexes/Ice                    2
   c - Confuse                        Hexes                        3
   d - Tukima's Dance                 Hexes                        3
   e - Dazzling Spray                 Conjuration/Hexes            3
Comestibles
 d - a ration


   Skills:
 + Level 0.2 Fighting
 + Level 2.3 Short Blades
 + Level 5.0 Dodging
 * Level 13.0 Stealth
 + Level 4.6 Spellcasting
 + Level 7.1 Hexes
 + Level 2.0 Evocations


You had 12 spell levels left.
You knew the following spells:

 Your Spells              Type           Power        Failure   Level  Hunger
a - Corona                Hex            ####...      1%          1    None


Dungeon Overview and Level Annotations

Branches:
Dungeon (1/1)

Altars:
Cheibriados
Dithmenos
Elyvilon
Gozag
Hepliaklqana
Kikubaaqudgha
Makhleb
Nemelex Xobeh
Okawaru
Qazlal
Ru
Sif Muna
Trog
Uskayaw
Vehumet
Wu Jian
Xom
Yredelemnul
Zin
The Shining One
Beogh
Jiyva
Lugonu


Innate Abilities, Weirdness & Mutations

You are very small and have problems with some larger weapons.
You are too small for most types of armour.
You have supernaturally acute eyesight. (SInv)
You are a herbivore.
You cover ground extremely quickly.
You need consume almost no food.


Message History

The killer bee is almost dead.
The killer bee barely misses you. The killer bee completely misses you.
The killer bee misses you.
You puncture the killer bee!
You kill the killer bee!
Dithmenos accepts your kill.
Your Short Blades skill increases to level 2!
Your Dodging skill increases to level 5!
Your Stealth skill increases to level 13!
Your Hexes skill increases to level 7!
Your Evocations skill increases to level 2!
You have reached level 5!
You feel clever.
You feel sick. The killer bee stings you!
* * * LOW HITPOINT WARNING * * *
You miss the killer bee. The killer bee stings you.
* * * LOW HITPOINT WARNING * * *
You puncture the killer bee!
The killer bee is moderately wounded.
You die...

####################
#<..P#.....#.....#.⌠
#PP@y'.)y..'.#...'..
#PPPP#...†.#.#†..#..
###############y##..
♣...y.y.y'...#._
%y...y♣.....#...###
y.y..♣..♣..######
#+## #+#####


You could see a queen bee and a killer bee.

Vanquished Creatures
  A killer bee (D)
  3 oklob saplings (D)
  A worker ant (D)
  A river rat (D)
  A rat (D)
7 creatures vanquished.

Notes
Turn   | Place    | Note
-------+----------+-------------------------------------------
     0 | D        | Ghella the Spriggan Enchanter began the quest for the Orb.
     0 | D        | Reached XP level 1. HP: 9/9 MP: 5/5
     8 | D        | Reached skill level 6 in Stealth
     8 | D        | Reached XP level 2. HP: 13/13 MP: 7/7
    13 | D        | Noticed an oklob sapling
    15 | D        | Killed an oklob sapling
    15 | D        | Reached skill level 8 in Stealth
    15 | D        | Reached skill level 5 in Hexes
    15 | D        | Reached XP level 3. HP: 16/16 MP: 9/9
    18 | D        | Found the amulet of invisibility {+Inv}
    19 | D        | Reached skill level 9 in Stealth
    50 | D        | Found an opulent altar of Gozag.
    50 | D        | Found a hazy altar of Hepliaklqana.
    50 | D        | Found a burning altar of Makhleb.
    50 | D        | Found a roughly hewn altar of Beogh.
    50 | D        | Found a sparkling altar of Nemelex Xobeh.
    50 | D        | Found a snail-covered altar of Cheibriados.
    50 | D        | Found a sacrificial altar of Ru.
    50 | D        | Found a deep blue altar of Sif Muna.
    50 | D        | Found a shimmering altar of Xom.
    50 | D        | Found a basalt altar of Yredelemnul.
    51 | D        | Found a viscous altar of Jiyva.
    51 | D        | Found a bloodstained altar of Trog.
    51 | D        | Found an ornate altar of the Wu Jian Council.
    51 | D        | Noticed an oklob sapling priest
    52 | D        | Found an iron altar of Okawaru.
    52 | D        | Found a shadowy altar of Dithmenos.
    52 | D        | Found a glowing silver altar of Zin.
    53 | D        | Found an ancient bone altar of Kikubaaqudgha.
    53 | D        | Found a hide-covered altar of Uskayaw.
    54 | D        | Found a stormy altar of Qazlal.
    54 | D        | Found a white marble altar of Elyvilon.
    54 | D        | Found a glowing golden altar of the Shining One.
    55 | D        | Found a corrupted altar of Lugonu.
    55 | D        | Found a radiant altar of Vehumet.
    58 | D        | Killed an oklob sapling priest
    58 | D        | Reached skill level 11 in Stealth
    58 | D        | Reached skill level 1 in Evocations
    58 | D        | Reached XP level 4. HP: 21/21 MP: 8/11
    61 | D        | Became a worshipper of Dithmenos the Shadowed
    74 | D        | Reached skill level 12 in Stealth
    90 | D        | Noticed a queen bee
   124 | D        | Reached skill level 5 in Dodging
   124 | D        | Reached skill level 13 in Stealth
   124 | D        | Reached XP level 5. HP: 11/24 MP: 13/13
   125 | D        | HP: 1/36 [killer bee (1)]
   126 | D        | Succumbed to a killer bee's poison

Vault maps used:
D:        dungeon_sprint_fedhas

Skill      XL: |  1  2  3  4 |
---------------+-------------+-----
Stealth        | 6 8 11 13 | 13.0
Spellcasting   | 3 4 |  4.6
Hexes          | 4 5 6 7 |  7.1
Dodging        | 4 5 |  5.0
Evocations     | 1 2 |  2.0
Short Blades   | 2 |  2.3
Fighting       | |  0.2

Action                   |  1- 3 |  4- 6 || total
-------------------------+-------+-------++-------
Melee: Dagger            |     5 |    13 ||    18
 Abil: Evoke Invisibilit |     1 |     1 ||     2
  Use: Potion            |       |     1 ||     1
 Stab: Sleeping          |     5 |     1 ||     6
Dodge: Dodged            |       |    22 ||    22

Table legend:
 A = Spawn XP
 B = Non-spawn XP
 C = Spawn XP percentage of total XP
 D = Spawn monster count
 E = Non-spawn monster count
 F = Spawn count percentage of total count
 G = Total turns spent on level
                    A         B        C        D         E        F      G
               +---------+---------+-------+---------+---------+-------+---------
         Total |       0 |     257 |   0.0 |       0 |       7 |   0.0 |   126
               +---------+---------+-------+---------+---------+-------+---------
             D |       0 |     257 |   0.0 |       0 |       7 |   0.0 |   126
               +---------+---------+-------+---------+---------+-------+---------
